 Dungeon Crawl Stone Soup version 0.23-a0-310-gdcc7a32 (webtiles) character file.

94 namelastname112 the Slasher (level 4, -8/38 HPs)
             Began as a Draconian Gladiator on Oct 12, 2018.
             Killed from afar by Ijyb (16 damage)
             ... with a wand of acid (3)
             ... on level 3 of the Dungeon.
             The game lasted 00:02:21 (1610 turns).

namelastname112 the Slasher (Draconian Gladiator)   Turns: 1610, Time: 00:02:22

Health: -8/38      AC:  1    Str: 16    XL:     4   Next: 38%
Magic:  4/4        EV: 13    Int:  8    God:
Gold:   135        SH:  0    Dex: 14    Spells: 3/3 levels left

rFire    . . .     SeeInvis .   a - +0 long sword
rCold    . . .     Gourm    .   (no shield)
rNeg     . . .     Faith    .   (armour unavailable)
rPois    .         Spirit   .   b - +0 hat
rElec    .         Reflect  .   (no cloak)
rCorr    .         Harm     .   (no gloves)
MR       .....                  (no boots)
Stlth    +.........             (no amulet)
HPRegen  0.12/turn              j - ring of wizardry
MPRegen  0.09/turn              (no ring)

@: corroded
A: unfitting armour, cold-blooded, AC +5
a: no special abilities


You were on level 3 of the Dungeon.
You were not hungry.

You visited 1 branch of the dungeon, and saw 3 of its levels.

You collected 135 gold pieces.

Inventory:

Hand Weapons
 a - a +0 long sword (weapon)
Missiles
 c - 3 throwing nets (quivered)
Armour
 b - a +0 hat (worn)
Jewellery
 j - a ring of wizardry (left hand)
Scrolls
 f - 3 scrolls of fear {unknown}
 g - a scroll of enchant weapon {unknown}
 k - a scroll of identify {unknown}
Potions
 e - 2 potions of heal wounds
 h - a potion of might {unknown}
 i - a potion of degeneration {unknown}
 m - a potion of mutation {unknown}
Comestibles
 d - 7 rations


   Skills:
 + Level 3.0 Fighting
 * Level 4.0 Long Blades
 + Level 2.4 Throwing
 + Level 3.2 Dodging


You had 3 spell levels left.
You didn't know any spells.
Your spell library was empty.

Dungeon Overview and Level Annotations

Branches:
Dungeon (2/15)

Altars:

Annotations:
D:3 Ijyb


Innate Abilities, Weirdness & Mutations

Your plain brown scales are hard. (AC +5)
You cannot fit into any form of body armour.
You are cold-blooded and may be slowed by cold attacks.


Message History

Ijyb is nearby!
Unknown command.
Unknown command.
Ijyb zaps a wand.
The bolt of acid misses you.
It is a wand of acid (5).
Found a scroll labeled TEBAUSCH QOSULL.
Ijyb zaps a wand.
The bolt of acid hits you! The acid corrodes you!
You are splashed with acid!
The acid burns!
You take 22 damage, and have 16/38 hp.
MASSIVE DAMAGE!!
You aren't carrying any items that you can evoke.
Unknown command.
It was a potion of heal wounds.
You feel much better.
Health restored: 38 Ijyb hits you but does no damage.
You barely miss Ijyb.
You are no longer corroded.
Ijyb zaps a wand.
The bolt of acid hits you! The acid corrodes you!
You are splashed with acid!
The acid burns!
* * * LOW HITPOINT WARNING * * *
Ijyb zaps a wand.
The bolt of acid hits you!
You die...

#)#...#.............g........#
#.#...#..###..#.##############
#.#...#).###..#.#
..............#.#
.....###.####.#.# #.#### #.#
#.#.# #.# #.# #.#.# #.# #.
#.#g##### #.######.# #.#.@...#
#(........ ..#######
#.######.# ### #.# #.## ...#
#..# )..# ##.####


You could see Ijyb.

Vanquished Creatures
  4 adders (D:2)
  A worm (D:2)
  A leopard gecko (D:1)
  4 orcs (D:3)
  6 bats
  2 giant cockroaches
  7 goblins
  A hobgoblin (D:2)
  8 jackals (D:1)
  A quokka (D:2)
  A ball python (D:2)
  4 frilled lizards
  6 kobolds
  A rat (D:2)
47 creatures vanquished.

Notes
Turn   | Place    | Note
-------+----------+-------------------------------------------
     0 | D:1      | namelastname112 the Draconian Gladiator began the quest for
                  | the Orb.
     0 | D:1      | Reached XP level 1. HP: 17/17 MP: 1/1
    81 | D:1      | Reached XP level 2. HP: 23/25 MP: 2/2
   453 | D:1      | Reached XP level 3. HP: 30/30 MP: 3/3
   888 | D:2      | Noticed a sky beast
   888 | D:2      | Noticed a scorpion
  1328 | D:2      | Reached XP level 4. HP: 34/37 MP: 4/4
  1431 | D:2      | You fall through a shaft!
  1434 | D:3      | Reached skill level 4 in Long Blades
  1588 | D:3      | Noticed Ijyb
  1610 | D:3      | Killed from afar by Ijyb

Vault maps used:
D:1:      dpeg_arrival_three_same_balls
D:2:      lightli_corner_chamber
D:3:      kennysheep_generic_room_16, uniq_ijyb

Skill      XL: |  1  2  3  4 |
---------------+-------------+-----
Throwing       | 2 |  2.4
Dodging        | 3 |  3.2
Long Blades    | 4 |  4.0
Fighting       | 3 |  3.0

Action                   |  1- 3 |  4- 6 || total
-------------------------+-------+-------++-------
Melee: Long sword        |    68 |    32 ||   100
       Tailslap          |     6 |     2 ||     8
  Use: Potion            |       |     1 ||     1
 Stab: Sleeping          |     1 |       ||     1
  Eat: Chunk             |     1 |     1 ||     2
Armor: Skin              |    33 |     9 ||    42
Dodge: Dodged            |    59 |    36 ||    95
       Rpst.: Long sword |    25 |    11 ||    36

Table legend:
 A = Non-vault XP
 B = Vault XP
 C = Vault XP percentage of total XP
 D = Non-vault monster count
 E = Vault monster count
 F = Vault count percentage of total count
                 A         B        C        D         E       F
            +---------+---------+-------+---------+---------+-------
      Total |     135 |       0 |   0.0 |      47 |       0 |   0.0
            +---------+---------+-------+---------+---------+-------
        D:1 |      46 |       0 |   0.0 |      25 |       0 |   0.0
        D:2 |      69 |       0 |   0.0 |      13 |       0 |   0.0
        D:3 |      20 |       0 |   0.0 |       9 |       0 |   0.0
            +---------+---------+-------+---------+---------+-------
